 Dungeon Crawl Stone Soup version 0.27.0-1-g7a089689b8 (webtiles) character file.

Game seed: 15466423698329643790

196 avis the Insei (level 5, 0/35 HPs)
             Began as an Octopode Transmuter on Aug 14, 2021.
             Slain by an orc wizard (2 damage)
             ... on level 3 of the Dungeon.
             The game lasted 00:17:00 (4036 turns).

avis the Insei (Octopode Transmuter)                Turns: 4036, Time: 00:17:00

Health: 0/35       AC:  1    Str: 16    XL:     5   Next: 74%
Magic:  5/8        EV: 13    Int: 15    God:
Gold:   104        SH:  0    Dex: 13    Spells: 4/8 levels left

rFire    . . .     SeeInvis .   a - +2 dagger (speed)
rCold    . . .     Faith    .   (no shield)
rNeg     . . .     Spirit   .   (helmet currently unavailable)
rPois    .         Reflect  .   (no amulet)
rElec    .         Harm     .   g - +6 ring of strength
rCorr    .         Rampage  .   (no ring)
Will     .....                  (no ring)
Stlth    +++.......             (no ring)
HPRegen  0.11/turn              (no ring)
MPRegen  0.11/turn              (no ring)
                                (no ring)
                                (no ring)

@: appendages
A: tentacle spike 3, almost no armour, amphibious, 8 rings, camouflage 1,
gelatinous body 1, (nimble swimmer 1), tentacles
a: End Transformation


You were on level 3 of the Dungeon.
One of your tentacles had grown a beastly spike.
You visited 1 branch of the dungeon, and saw 4 of its levels.

You collected 104 gold pieces.

Inventory:

Hand Weapons
 a - a +2 dagger of speed (weapon)
 b - a +1 dagger of holy wrath
 k - a +0 hunting sling
 u - a +3 war axe
Missiles
 c - 72 stones
 f - 48 sling bullets
Armour
 r - a +2 hat (melded)
Jewellery
 g - a +6 ring of strength (left tentacle)
Scrolls
 e - 2 scrolls of identify {unknown}
 i - a scroll of amnesia {unknown}
 j - a scroll of teleportation {unknown}
 m - a scroll of fog {unknown}
 p - a scroll of torment {unknown}
 q - a scroll of enchant armour {unknown}
 s - a scroll of blinking {unknown}
 v - a scroll of noise {unknown}
Potions
 d - a potion of lignification {unknown}
 h - a potion of might {unknown}
 l - 2 potions of heal wounds {unknown}
 n - a potion of haste {unknown}
 o - a potion of attraction {unknown}
 t - a potion of flight {unknown}


   Skills:
 * Level 2.6 Fighting
 - Level 0.2 Short Blades
 - Level 2.2 Dodging
 - Level 2.0 Stealth
 - Level 4.0 Unarmed Combat
 - Level 2.3 Spellcasting
 - Level 3.0 Transmutations
 - Level 2.0 Poison Magic


You had 4 spell levels left.
You knew the following spells:

 Your Spells              Type           Power      Damage    Failure   Level
a - Beastly Appendage     Tmut           20%        N/A       6%          1
p - Spider Form           Tmut/Pois      4%         N/A       22%         3

Your spell library contained the following spells:

 Spells                   Type           Power      Damage    Failure   Level
 Wereblood                Tmut           10%        N/A       10%         2
 Animate Skeleton         Necr           2%         N/A       22%         1
 Pain                     Necr           4%         1d4       22%         1
 Vampiric Draining        Necr           0%         2d6       54%         3
 Ice Form                 Ice/Tmut       6%         N/A       75%         4


Dungeon Overview and Level Annotations

Branches:
Dungeon (4/15)
 Temple: D:4-7

Altars:
Sif Muna

Shops:
D:1 !


Innate Abilities, Weirdness & Mutations

One of your tentacles has grown a beastly spike.
You cannot wear most types of armour.
You are amphibious.
You can wear up to eight rings at the same time.
Your skin changes colour to match your surroundings (Stealth+).
Your rubbery body absorbs attacks. (AC +1, EV +1)
((You are camouflaged near water. (Stealth+)))
You have tentacles for arms and can constrict up to eight enemies at once.


Message History

The orc wizard is lightly wounded.
The hobgoblin hits you. The orc barely misses you.
The orc wizard hits you with a +0 dagger.
The orc closely misses you.
You hit the orc wizard.
The orc wizard looks as sick as possible!
The orc wizard is moderately wounded.
The hobgoblin hits you. The orc hits you with a +0 hand axe.
The orc wizard closely misses you. The orc misses you.
You miss the orc wizard.
The orc wizard is heavily wounded.
The hobgoblin misses you. The orc wizard misses you. The orc misses you.
You closely miss the hobgoblin. The orc barely misses you.
The hobgoblin completely misses you.
Unknown command.
You're too confused to move!
You feel less confused. The orc misses you. The orc wizard closely misses you.
The orc closely misses you. The hobgoblin hits you.
* * * LOW HITPOINT WARNING * * *
You barely miss the hobgoblin.
Your transformation has ended.
Your +2 dagger of speed unmelds from your body.
Your +2 hat unmelds from your body.
Your tentacles tingle!
The orc misses you. The orc wizard closely misses you.
The orc completely misses you.
Casting: Spider Form (quite dangerous; 22% risk of failure)
Confirm with . or Enter, or press ? or * to list all spells.
One of your tentacles grows a vicious spike.
Your +2 hat melds into your body.
The hobgoblin hits you.
* * * LOW HITPOINT WARNING * * *
The orc closely misses you.
The orc wizard hits you with a +0 dagger.
* * * LOW HITPOINT WARNING * * *
The orc closely misses you.
You hit the hobgoblin. You grab the hobgoblin.
You pierce the hobgoblin.
You kill the hobgoblin!
The orc hits you with a +0 hand axe.
* * * LOW HITPOINT WARNING * * *
The orc wizard hits you with a +0 dagger.
You die...

..## #.#.## ##.......###.##
...# #.### ##.....## #...
##.# #.# ##...## #### #.#
#.# ##'## # #.# #.# #.# #
#.# #####.###########.## #
#.#
#.........##.......######
##.#
#.###.###o##.###........#
...# #.#
#....o@.........###.# ####
#.# #####o##.##....####.#
#.#######.##.##.......#.###
#.........##.#####.##......
############.# #.####.###
#.#####.####.#
#............#
##############


You could see an orc wizard (very poisoned) and 2 orcs.

Vanquished Creatures
  Natasha (thrice) (D:2)
  A hound skeleton (D:2)
  Robin (D:2)
  3 adders
  2 worms (D:2)
  3 dart slugs
  4 ball pythons
  4 endoplasms
  A giant cockroach (D:1)
  11 goblins
  10 hobgoblins
  3 jackals (D:3)
  A quokka (D:1)
  4 bats
  A frilled lizard (D:3)
  7 kobolds
  3 rats (D:1)
62 creatures vanquished.

Notes
Turn   | Place    | Note
-------+----------+-------------------------------------------
     0 | D:1      | avis the Octopode Transmuter began the quest for the Orb.
     0 | D:1      | Reached XP level 1. HP: 13/13 MP: 3/3
     0 | D:1      | Noticed a tentacled monstrosity
     0 | D:1      | Noticed a golden dragon
     1 | D:1      | Noticed an iron dragon
     1 | D:1      | Noticed an orb of fire
     3 | D:1      | Noticed an ice dragon
     5 | D:1      | Noticed an ice dragon
     7 | D:1      | Noticed an ice dragon
     8 | D:1      | Noticed an ice dragon
    12 | D:1      | Noticed a black draconian
    14 | D:1      | Noticed an ice dragon
    14 | D:1      | Noticed a tentacled monstrosity
    16 | D:1      | Noticed an iron dragon
    16 | D:1      | Noticed a large abomination
    18 | D:1      | Noticed a shadow dragon
    20 | D:1      | Noticed an ice dragon
    63 | D:1      | Reached XP level 2. HP: 8/18 MP: 3/5
   821 | D:1      | Found Helin's Distillery.
   852 | D:1      | Reached XP level 3. HP: 22/23 MP: 4/6
   856 | D:1      | Learned a level 3 spell: Spider Form
  1293 | D:2      | Reached skill level 1 in Poison Magic
  1308 | D:2      | Noticed Robin
  2227 | D:2      | Reached XP level 4. HP: 25/28 MP: 3/7
  2269 | D:2      | Killed Robin
  2270 | D:2      | Reached skill level 4 in Unarmed Combat
  2410 | D:2      | Noticed Natasha
  2418 | D:2      | Killed Natasha
  2591 | D:2      | Reached XP level 5. HP: 34/34 MP: 4/8
  2651 | D:2      | Noticed Natasha
  2659 | D:2      | Killed Natasha
  2660 | D:2      | Reached skill level 1 in Stealth
  2811 | D:2      | Noticed Natasha
  2816 | D:2      | Killed Natasha
  2823 | D:2      | Found a faded altar of an unknown god.
  3681 | D:3      | Found a shimmering blue altar of Sif Muna.
  3997 | D:4      | Noticed an ogre
  4036 | D:3      | Slain by an orc wizard

Illustrated notes

Levels and vault maps discovered:
D:1:      shiori_arrival_whats_in_store_for_you, layout_loops_ring,
          serial_shops, shop_fountains
D:2:      layout_rooms, hellmonk_ecumenical_altar_inner_sanctum, uniq_natasha,
          uniq_robin
D:3:      layout_loops_corners, mainiacjoe_overflow_cross_hatched
D:4:      layout_rooms, slow_altar_1

Skill      XL: |  1  2  3  4  5 |
---------------+----------------+-----
Poison Magic   | 2 |  2.0
Unarmed Combat | 4 |  4.0
Fighting       | 2 |  2.6
Transmutations | 3 |  3.0
Stealth        | 2 |  2.0
Short Blades   | |  0.2
Dodging        | |  2.2
Spellcasting   | |  2.3

Action                   |  1- 3 |  4- 6 || total
-------------------------+-------+-------++-------
Melee: Unarmed           |    43 |    40 ||    83
       Constrict         |    15 |     6 ||    21
       Kick              |    12 |     3 ||    15
       Tentacles         |     7 |     2 ||     9
       Short sword       |    41 |       ||    41
       Dagger            |     3 |    16 ||    19
 Cast: Beastly Appendage |    19 |     5 ||    24
       Spider Form       |     6 |    17 ||    23
 Stab: Sleeping          |     4 |     4 ||     8
       Distracted        |     1 |     1 ||     2
Armor: Skin              |     8 |     2 ||    10
Dodge: Dodged            |    99 |    51 ||   150
